 Dungeon Crawl Stone Soup version 0.30-a0-937-ga0a21ad780 (webtiles) character file.

Game seed: 11476182222222912364

79 shadizar the Shooter (level 3, -7/30 HPs)
             Began as a Demigod Hunter on Mar 24, 2023.
             Mangled by a gnoll
             ... wielding a +0 flail
              (9 damage)
             ... on level 3 of the Dungeon.
             The game lasted 00:01:54 (1467 turns).

shadizar the Shooter (Demigod Hunter)               Turns: 1467, Time: 00:01:55

Health: -7/30      AC:  3    Str: 12    XL:     3   Next: 95%
Magic:  5/5        EV: 12    Int: 11    God:
Gold:   56         SH:  0    Dex: 21    Spells: 2/2 levels left

rFire   . . .      SeeInvis .    a - +0 shortbow
rCold   . . .      Faith    .    (shield currently unavailable)
rNeg    . . .      Spirit   .    c - +0 leather armour
rPois   .          Reflect  .    (no helmet)
rElec   .          Rampage  .    (no cloak)
rCorr   .                        (no gloves)
Will    .....                    (no boots)
Stlth   ++                       (no amulet)
HPRegen 0.25/turn                (no ring)
MPRegen 0.09/turn                (no ring)

@: no status effects
A: high MP 1, forlorn, divine attributes
a: no special abilities


You were on level 3 of the Dungeon.
You visited 1 branch of the dungeon, and saw 3 of its levels.

You collected 56 gold pieces.

Inventory:

Hand Weapons
 a - a +0 shortbow (weapon)
 l - a +0 dagger
Missiles
 m - 21 stones
Armour
 c - a +0 leather armour (worn)
 p - a +0 plate armour
 q - a +0 ring mail
Scrolls
 b - 2 scrolls of immolation
 d - 2 scrolls of teleportation {unknown}
 e - 2 scrolls of noise {unknown}
 g - 2 scrolls of blinking {unknown}
 h - a scroll of vulnerability {unknown}
 j - a scroll of amnesia {unknown}
 n - a scroll of magic mapping {unknown}
Potions
 f - a potion of degeneration {unknown}
 i - a potion of haste {unknown}
 k - a potion of attraction {unknown}
 o - a potion of berserk rage {unknown}


   Skills:
 + Level 2.4 Fighting
 + Level 4.0 Ranged Weapons
 + Level 2.5 Dodging
 + Level 2.1 Stealth


You had 2 spell levels left.
You didn't know any spells.
Your spell library contained the following spells:

 Spells                   Type           Power      Damage    Failure   Level
 Ensorcelled Hibernation  Hex/Ice        0%         N/A       56%         2
 Passwall                 Tmut/Erth      0%         N/A       56%         2
 Swiftness                Air            0%         N/A       80%         3


Dungeon Overview and Level Annotations

Branches:
Dungeon (3/15)


Innate Abilities, Weirdness & Mutations

You have an increased reservoir of magic. (+10% MP)
You shall have no god before yourself.
Your divine heritage dramatically boosts your attributes as you level up.


Message History

HP restored.
Done exploring.
There is a stone staircase leading down here.
You climb downwards.
The gnoll closely misses you. The gnoll barely misses you.
There is a stone staircase leading up here.
You shoot an arrow.
The arrow hits the gnoll but does no damage.
The gnoll closely misses you.
You shoot an arrow. The arrow hits the gnoll.
The gnoll is moderately wounded.
The gnoll hits you with a +0 flail! The gnoll closely misses you.
You shoot an arrow.
The arrow hits the gnoll but does no damage.
The gnoll is moderately wounded.
The gnoll hits you with a +0 flail.
You shoot an arrow. The arrow hits the gnoll.
The gnoll is moderately wounded.
The gnoll barely misses you.
You shoot an arrow.
The arrow hits the gnoll but does no damage.
The gnoll is moderately wounded.
The gnoll closely misses you. The gnoll barely misses you.
You shoot an arrow. The arrow closely misses the gnoll.
The gnoll barely misses you.
You shoot an arrow. The arrow closely misses the gnoll.
The gnoll hits you with a +0 flail!
You shoot an arrow. The arrow barely misses the gnoll.
The gnoll barely misses you. The gnoll hits you with a +0 flail!
* * * LOW HITPOINT WARNING * * *
You shoot an arrow.
The arrow hits the gnoll but does no damage.
The gnoll is moderately wounded.
The gnoll barely misses you.
You shoot an arrow. The arrow closely misses the gnoll.
The gnoll closely misses you.
Okay, then.
You shoot an arrow. The arrow hits the gnoll.
The gnoll is almost dead.
The gnoll hits you with a +0 flail!
You die...

#########
#_#_#.#_####
##.#.#.#.#.8##
#............#
##...........#
#..#†#.#.#.8.#######
##.#.###.#⌠#........
###########g..#####
.......@###
####...## ##.. ##.
#. #. #. ..


You could see a gnoll.

Vanquished Creatures
  An adder (D:2)
  2 gnolls (D:2)
  A dart slug (D:2)
  2 worms (D:2)
  6 ball pythons
  3 endoplasms (D:2)
  4 goblins
  3 hobgoblins
  4 quokkas
  4 bats
  3 frilled lizards (D:1)
  6 kobolds
  5 rats
44 creatures vanquished.

Notes
Turn   | Place    | Note
-------+----------+-------------------------------------------
     0 | D:1      | shadizar the Demigod Hunter began the quest for the Orb.
     0 | D:1      | Reached XP level 1. HP: 17/17 MP: 3/3
    34 | D:1      | Reached skill level 1 in Stealth
   285 | D:1      | Reached XP level 2. HP: 24/24 MP: 4/4
   787 | D:2      | Reached XP level 3. HP: 26/29 MP: 5/5
  1200 | D:2      | Reached skill level 4 in Ranged Weapons
  1467 | D:3      | Mangled by a gnoll

Illustrated notes

Levels and vault maps discovered:
D:1:      dpeg_arrival_windows_large_door, layout_basic, basic_ecumenical_altar,
          minmay_tromino_i4
D:2:      layout_basic, basic_altar
D:3:      layout_loops_corners, lemuel_tele_altar, minitemple,
          minmay_pentomino_pile

Skill      XL: |  1  2  3 |
---------------+----------+-----
Stealth        | 1 2 |  2.1
Fighting       | 2 |  2.4
Dodging        | 2 |  2.5
Ranged Weapons | 4 |  4.0

Action                     || total
---------------------------++-------
   Fire: Shortbow          ||   116
 Armour: Leather armour    ||     7
  Dodge: Dodged            ||    39

Table legend: (Time is in decaauts)
 A = Elapsed time spent in this place.
 B = Non-inter-level travel time spent in this place.
 C = Inter-level travel time spent in this place.
 D = Time resting spent in this place.
 E = Time spent auto-exploring this place.
 F = Levels seen in this place.
 G = Mean time per level.
                   A        B        C        D        E       F      G
               +--------+--------+--------+--------+--------+-----+--------+
         Total |   1506 |   1474 |     32 |      0 |   1206 |   3 |  502.0 |
       Dungeon |   1506 |   1474 |     32 |      0 |   1206 |   3 |  502.0 |
               +--------+--------+--------+--------+--------+-----+--------+

Top non-repeatable levels by time:
     D:2: 733 daAuts
     D:1: 717 daAuts
     D:3: 56 daAuts
